Spark, chaotic male elven Priest ########################## #------------- # --------- ----------- ---------- #|...........| ##........| |[[)[.[[[.| |<........#####->....%......############ |.@.....| |.)[[[[.[[| |........| # |...........| # |df.....| |..)......| |........-#### ------------- ##........| --|-------- |........| |.......| # ----.----- |........# ### ## --.------# # # # ### # # # # # ### -----|- # # |.....| # ###|.....| -----.---- #-.....| |.........######## |.....| |........| ------- ---------- Spark the Acolyte Experience level: 5 Strength: 12 Dexterity: 11 Constitution: 14 Intelligence: 10 Wisdom: 20 Charisma: 10 Health: 0(38) Energy: 71(71) Def: 6 Gold: 163 Moves: 1604 Dungeon seed: 5rOPPAIXpZStGR1e Game ID: Spark_1616372403 Your Inventory: Coins $ - 163 gold pieces Weapons a - a blessed +1 mace (weapon in hand) C - 5 +0 darts (in quiver) G - 4 +0 daggers Armor e - a +0 robe (being worn) n - a +0 small shield (being worn) y - a +0 orcish helm z - a +0 leather armor (being worn) N - a +0 pair of leather gloves (being worn) Comestibles c - a clove of garlic d - a sprig of wolfsbane k - 2 food rations r - a food ration s - a melon u - a tripe ration Scrolls H - a scroll of destroy armor Spellbooks f - a spellbook of cure sickness g - a spellbook of remove curse Potions b - 4 potions of holy water v - a cursed potion of gain ability I - a potion of gain energy Wands j - a wand of slow monster (0:2) m - a wand of create monster (0:10) t - a wand of polymorph (0:3) w - a wand of magic missile (0:0) Tools h - a bell q - a skeleton key A - a magic whistle E - 7 tallow candles (0:200) F - 7 wax candles (0:400) Gems Y - a worthless piece of green glass Spells and supernatural/magical abilities: Name Level Category Fail Memory r - remove curse 3 clerical 0% 92% K - cure sickness 3 healing 50% 92% W - pray for help -- divine ? -- X - turn undead -- divine ? -- Your skills at the end: Fighting Skills Weapon Skills mace [Basic] Spellcasting Skills clerical spells [Basic] Final Attributes: You were piously aligned. You were sleep resistant. You were poison resistant. You had infravision. You are dead. Vanquished creatures: a shrieker a gnome lord a gnomish wizard a kitten 2 dwarves an acid blob 2 coyotes a hobbit a large kobold 2 yellow molds 7 gnomes 2 geckos 3 jackals a fox 3 goblins 4 lichens 3 newts 36 creatures vanquished. Voluntary challenges: You used a wielded weapon 40 times, starting on turn 125. You read items or engraved 2 times, starting on turn 21. You never genocided any monsters. You never polymorphed an object. You never changed form. You used no wishes. You never split a pudding. You never wrote Elbereth's name. You never violated your personal moral code. Dungeon overview: The Dungeons of Doom: levels 1 to 3 Level 1 some altars to Hermes and Poseidon a long staircase Level 2 a general store Level 3 <- You were here an armor shop stairs to The Gnomish Mines The Gnomish Mines: Level 4 stairs to The Dungeons of Doom History has recorded: On T:1 you entered the Dungeons of Doom to retrieve the Amulet of Yendor! On T:315 you reached level 2 of The Dungeons of Doom. On T:643 you advanced to experience level 2. On T:964 you advanced to experience level 3. On T:967 you reached level 3 of The Dungeons of Doom. On T:1352 you reached level 1 of The Gnomish Mines. On T:1374 you advanced to experience level 4. On T:1585 you advanced to experience level 5. Score breakdown: Gold: 163 ( 7534 points) Experience: 5 levels (11141 points) Exploration: 4 levels ( 7.69%) ( 7276 points) Discoveries: 7 items ( 2.44%) ( 4685 points) Valuables value: (no points given unless you survive) Artifact value: 0 ( 0 points) Variety of kills: 17 monsters ( 4.46%) ( 6336 points) Turncount: 1604 turns ( 0 points) Survival: died (score multiplied by 80%) Total score: 29577 Latest messages: Your candle is consumed! Its flame dies. The dwarf swings her pick-axe. The dwarf hits! You feel much better. You fall down the stairs. The dwarf swings his pick-axe. The dwarf hits! The dwarf swings her pick-axe. The dwarf hits! You hit the dwarf. The dwarf swings his pick-axe. The dwarf misses. You hit the dwarf. The dwarf swings her pick-axe. The dwarf hits! You kill the dwarf! The dwarf swings his pick-axe. The dwarf hits! The jackal bites! The jackal misses. The jackal bites! The kitten bites! You die... Final status: Goodbye Spark the Priest, killed by a kitten... You died in The Dungeons of Doom on dungeon level 3 with 29577 points, and 163 pieces of gold, after 1604 moves. You were level 5 with a maximum of 38 hit points when you died.